 Dungeon Crawl Stone Soup version 0.19-a0-414-g76fec5b (webtiles) character file.

146 swiftsword94 the Ducker (level 5, -2/25 HPs)
             Began as a Felid Monk on June 1, 2016.
             Slain by an orc
             ... wielding a +0 club
              (3 damage)
             ... on level 3 of the Dungeon.
             The game lasted 00:28:37 (3469 turns).

swiftsword94 the Ducker (Felid Monk)                Turns: 3469, Time: 00:28:38

Health: -2/25      AC:  1    Str:  7    XL:     5   Next: 7%
Magic:  6/6        EV: 22    Int: 13    God:
Gold:   157        SH:  0    Dex: 22    Spells: 0 memorised, 4 levels left
                                        Lives:  0   Deaths: 1

rFire  + . .     SeeInvis +       - Unarmed
rCold  x . .     Gourm    .     (armour unavailable)
rNeg   . . .     Faith    .     (shield unavailable)
rPois  .         Spirit   .     (helmet unavailable)
rElec  .         Dismiss  .     (cloak unavailable)
rCorr  .         Reflect  .     (gloves unavailable)
SustAt .         Harm     .     (boots unavailable)
MR     +....     Clarity  +     (no amulet)
Stlth  ++++......               l - ring of fire
                                h - ring of protection from magic

@: quick, somewhat resistant to hostile enchantments, stealthy
A: no armour, no weapons or thrown items, claws 1, fangs 3, see invisible, agile
1, carnivore 3, clarity, clever 1, speed 1, shaggy fur 1, slow metabolism 1,
sharp paws
a: no special abilities


You were on level 3 of the Dungeon.
You were not hungry.

You visited 1 branch of the dungeon, and saw 4 of its levels.

You collected 157 gold pieces.

Inventory:

Magical Staves
 p - an uncursed staff of conjuration
Jewellery
 h - a ring of protection from magic (left paw)
 k - an uncursed amulet of inaccuracy
 l - a ring of fire (right paw)
Wands
 d - a wand of confusion (28/48)
 m - a wand of flame (48/48)
 q - a wand of lightning (2/15)
Scrolls
 g - a scroll of teleportation {unknown}
 i - 3 scrolls of fear
 j - 4 scrolls of identify
 n - a scroll of remove curse
 o - a scroll of fog
Potions
 b - 4 potions of curing
 c - a potion of mutation
 e - 2 potions of brilliance
Comestibles
 a - 2 meat rations
 f - a beef jerky


   Skills:
 + Level 3.9 Fighting
 + Level 5.7 Dodging
 + Level 4.7 Stealth
 + Level 4.8 Unarmed Combat


You had 4 spell levels left.
You didn't know any spells.

Dungeon Overview and Level Annotations

Branches:
Dungeon (4/15)
 Temple: D:4-7

Altars:
Sif Muna

Annotations:
D:3 Grinder


Innate Abilities, Weirdness & Mutations

You cannot wear armour.
You are incapable of wielding weapons or throwing items.
You have sharp claws.
You have razor-sharp teeth.
You have supernaturally acute eyesight. (SInv)
You are carnivorous and can eat meat at any time.
You cover ground quickly.
You are covered in fur. (AC +1)
You have a slow metabolism.
Your sharp claws are effective at attacking unaware monsters.
You are agile. (Dex +2)
You possess an exceptional clarity of mind.
Your mind is acute. (Int +2)


Message History

There is a stone staircase leading down here.
You climb downwards. 2 orcs, an orc warrior and an orc priest come into view.
Found 9 gold pieces.
There is a stone staircase leading up here.
The orc shouts!
The orc warrior shouts!
The orc priest casts a cantrip, but nothing happens.
There is a stone staircase leading up here.
You can't go down here!
The orc barely misses you.
The orc priest invokes the aid of Beogh against you.
Beogh smites you!
Ouch! That really hurt!
The orc warrior hits you with a mace!
* * * LOW HITPOINT WARNING * * *
You climb upwards.
Level annotation: Grinder
There is a stone staircase leading down here.
The orc hits you with a club.
You die...

..........♣♣♣PP#.#..##..........#
........[.P♣ ♣P.....##..........#
#######.PP.♣♣♣.....###..........#
###.....#...## #...........
#########..P.##...# #..........#
#..........♣......# #..........#
#.##############o.# ##########.#
......##.......o>.# #.#
.####.##...#####@## #.# .#
#......# #.# #.# .####..##### #.#
#.# ....[..#...#####.# ######.#
.#####........)..# #....... .#
#...........# #....... .#
##..........# #....... ♣#
#..........# #.......
♣♣♣#####'#######.# #.......


You could see an orc warrior and an orc.

Vanquished Creatures
  Jessica (D:3)
  Ijyb (D:3)
  A worker ant (D:3)
  5 adders
  3 worms
  3 dart slugs
  2 giant geckos
  An orc (D:3)
  5 bats
  4 giant cockroaches
  7 goblins
  12 hobgoblins
  6 jackals
  7 kobolds
  2 quokkas (D:2)
  3 ball pythons
  4 giant newts
  11 rats
78 creatures vanquished.

Notes
Turn   | Place    | Note
--------------------------------------------------------------
     0 | D:1      | swiftsword94 the Felid Monk began the quest for the Orb.
     0 | D:1      | Reached XP level 1. HP: 10/10 MP: 2/2
   214 | D:1      | Reached XP level 2. HP: 4/14 MP: 3/3
  1177 | D:2      | Reached XP level 3. HP: 16/17 MP: 4/4
  1245 | D:2      | Found a deep blue altar of Sif Muna.
  1418 | D:2      | Reached skill level 5 in Dodging
  1418 | D:2      | Reached XP level 4. HP: 21/21 MP: 5/5
  2113 | D:3      | Noticed Jessica
  2131 | D:3      | Killed Jessica
  2261 | D:3      | Noticed Ijyb
  2276 | D:3      | Killed from afar by Ijyb
  2277 | D:3      | Reached XP level 3. HP: -5/17 MP: 4/4
  2421 | D:3      | Gained mutation: You possess an exceptional clarity of mind. [potion of mutation]
  2421 | D:3      | Gained mutation: Your mind is acute. (Int +2) [potion of mutation]
  2421 | D:3      | Gained mutation: You are agile. (Dex +2) [potion of mutation]
  2433 | D:3      | Reached XP level 4. HP: 22/22 MP: 5/5
  2440 | D:3      | Noticed Grinder
  2594 | D:3      | Paralysed by Grinder for 2 turns
  3134 | D:3      | Killed Ijyb
  3134 | D:3      | Reached XP level 5. HP: 14/25 MP: 6/6
  3462 | D:4      | Noticed an orc warrior
  3467 | D:4      | HP: 1/25 [orc warrior/mace (10)]
  3469 | D:3      | Slain by an orc

Vault maps used:
D:1:      evilmike_arrival_grusome_pit
D:2:      first_bread, led_sif_pool
D:3:      serial_forest, infiniplex_forest_fountain, infiniplex_forest_lined_2,
          infiniplex_forest_lined_2, infiniplex_forest_clump_long,
          infiniplex_forest_lined_3, infiniplex_forest_corner_1,
          infiniplex_forest_straight_1, infiniplex_forest_lined_corner,
          uniq_jessica, uniq_iyjb, uniq_grinder
D:4:      nemelex_deck, serial_shops, shop, uniq_crazy_yiuf_cottage

Skill      XL: |  1  2  3 |
---------------+----------+-----
Stealth        | 3 4 |  4.7
Dodging        | 5 |  5.7
Fighting       | |  3.9
Unarmed Combat | |  4.8

Action                   |  1- 3 |  4- 6 || total
-------------------------+-------+-------++-------
Melee: Unarmed           |   112 |   156 ||   268
       Bite              |     9 |    24 ||    33
       Punch             |     1 |     3 ||     4
  Use: Scroll            |    10 |       ||    10
       Potion            |     1 |       ||     1
 Stab: Sleeping          |     9 |     7 ||    16
       Distracted        |     1 |       ||     1
  Eat: Chunk             |     8 |     3 ||    11
Armor: Skin              |     3 |     2 ||     5
Dodge: Dodged            |    70 |    98 ||   168
